 Dungeon Crawl Stone Soup version 0.22.1-1-ga44c0e5 (webtiles) character file.

10352 tifemel the Protected (level 11, -14/105 HPs)
             Began as a Minotaur Fighter on Sept 30, 2018.
             Demolished by Sonja
             ... wielding a +0 dagger of distortion
              (25 damage)
             ... on level 10 of the Dungeon.
             The game lasted 00:32:40 (9746 turns).

tifemel the Protected (Minotaur Fighter)            Turns: 9746, Time: 00:32:41

Health: -14/105    AC: 21    Str: 24    XL:     11   Next: 35%
Magic:  10/10      EV:  7    Int:  5    God:
Gold:   593        SH:  0    Dex: 12    Spells: 10/10 levels left

rFire    . . .     SeeInvis .   w - +1 war axe (freeze)
rCold    . . .     Gourm    .   (no shield)
rNeg     . . .     Faith    .   B - +0 plate armour
rPois    .         Spirit   .   (helmet restricted)
rElec    .         Reflect  .   K - +0 cloak
rCorr    .         Harm     .   g - +0 pair of gloves
MR       .....                  (no boots)
Stlth    ..........             (no amulet)
HPRegen  0.27/turn              r - +3 ring of protection
MPRegen  0.12/turn              L - +2 ring of dexterity

@: lethally poisoned (-14 -> -36), slowed, very slow
A: retaliatory headbutt, horns 2
a: no special abilities


You were on level 10 of the Dungeon.
You were hungry.

You visited 1 branch of the dungeon, and saw 11 of its levels.
You also visited: Sewer.

You collected 593 gold pieces.

Inventory:

Hand Weapons
 w - a +1 war axe of freezing (weapon)
 I - a +0 shortbow
 M - a +1 battleaxe
Missiles
 m - 178 arrows
Armour
 g - a +0 pair of gloves (worn)
 B - a +0 plate armour (worn)
 K - a +0 cloak (worn)
Jewellery
 r - a +3 ring of protection (left hand)
 v - an uncursed ring of poison resistance {unknown}
 L - a +2 ring of dexterity (right hand)
 N - an uncursed ring of ice {unknown}
Wands
 c - a wand of iceblast (7)
 y - a wand of polymorph (6)
Scrolls
 b - a scroll of magic mapping {unknown}
 e - a scroll of fog {unknown}
 h - 4 scrolls of identify
 j - 6 scrolls of remove curse
 l - 4 scrolls of immolation
 n - 5 scrolls of teleportation
 q - 3 scrolls of enchant armour {unknown}
 t - 3 scrolls of enchant weapon {unknown}
 x - 3 scrolls of blinking {unknown}
 C - 3 scrolls of random uselessness {unknown}
 E - 2 scrolls of holy word {unknown}
 F - 2 scrolls of amnesia {unknown}
 G - 4 scrolls of fear {unknown}
 H - a scroll of brand weapon {unknown}
Potions
 d - 3 potions of might
 i - 5 potions of flight
 k - 4 potions of brilliance
 o - a potion of haste {unknown}
 p - a potion of agility {unknown}
 s - 2 potions of lignification
 u - 3 potions of curing
 z - a potion of magic {unknown}
 A - 2 potions of degeneration {unknown}
 D - a potion of mutation {unknown}
 J - a potion of resistance {unknown}
Miscellaneous
 a - a box of beasts
Comestibles
 f - 19 rations


   Skills:
 + Level 12.5 Fighting
 + Level 12.3 Axes
 + Level 12.6 Armour
   Level 3.6 Shields


You had 10 spell levels left.
You didn't know any spells.
Your spell library contained the following spells:

 Spells                   Type           Power        Failure   Level  Hunger
 Confusing Touch          Hex            #.....       99%         1    ##.....
 Flame Tongue             Conj/Fire      #....        99%         1    ##.....
 Magic Dart               Conj           #...         99%         1    ##.....
 Sandblast                Erth           #.....       99%         1    ##.....
 Passwall                 Tmut/Erth      #.......     100%        2    ###....
 Searing Ray              Conj           #.....       100%        2    ###....
 Throw Flame              Conj/Fire      #.....       100%        2    ###....
 Confuse                  Hex            #.......     100%        3    ####...
 Conjure Flame            Conj/Fire      #.......     100%        3    ####...
 Dazzling Spray           Conj/Hex       #.....       100%        3    ####...
 Gell's Gravitas          Tloc           #.........   100%        3    ####...
 Inner Flame              Hex/Fire       #.......     100%        3    ####...
 Stone Arrow              Conj/Erth      #.....       100%        3    ####...
 Force Lance              Conj/Tloc      #.......     100%        4    #####..
 Fulminant Prism          Conj/Hex       #.........   100%        4    #####..
 Iskenderun's Mystic Bla  Conj           #.......     100%        4    #####..
 Petrify                  Tmut/Erth      #.......     100%        4    #####..
 Sticky Flame             Conj/Fire      #.......     100%        4    #####..
 Fireball                 Conj/Fire      #.........   100%        5    ######.
 Lee's Rapid Deconstruct  Erth           #.........   100%        5    ######.
 Metabolic Englaciation   Hex/Ice        #.........   100%        5    ######.
 Yara's Violent Unravell  Hex/Tmut       #.........   100%        5    ######.


Dungeon Overview and Level Annotations

Branches:
Dungeon (11/15)            Temple (0/1) D:5            Lair (0/6) D:8
    Orc (0/2) D:10

Altars:
Ashenzari
Cheibriados
Elyvilon
Kikubaaqudgha
Makhleb
Uskayaw
Yredelemnul
Beogh

Annotations:
D:8 3 runed doors, kalagan's ghost, novice DEFE
D:10 Sonja


Innate Abilities, Weirdness & Mutations

You reflexively headbutt those who attack you in melee.
You have a pair of horns on your head.


Message History

Sonja shoots a curare-tipped needle.
The curare-tipped needle hits you.
You are more poisoned.
You have difficulty breathing.
You feel as though you will be slow longer.
You see here a curare-tipped needle.
You feel very sick.
You found an alarm trap!
You feel very sick.
Sorry, you're not good enough to have a special ability.
You completely miss Sonja.
You feel very sick.
Sonja unwields an uncursed enchanted blowgun.
Sonja wields an uncursed dagger of distortion.
Its appearance distorts for a moment.
Sonja hits you but does no damage. Space warps horribly around you!
* * * LOW HITPOINT WARNING * * *
Sonja hits you but does no damage. Space bends around you.
* * * LOW HITPOINT WARNING * * *
Sonja hits you but does no damage. Space warps horribly around you!
You die...

######## #.......
##############.#####.
#..^.....##..........
#@###K##.##.#..##.
##K##.##.##....... #
#(##.##.####....# #.
#..(K(..# #.##.# #.#
#.###.#### #.....
##.... ...# ####.#
#..$.####.. #....
.#.#.)(.#.## #.#.#
#....##{#.# #.#.#


You could see Sonja.

Vanquished Creatures
  Harold (D:8)
  A wizard (D:11)
  Pikel (D:7)
  Maurice (D:8)
  Joseph (D:7)
  A hornet (D:11)
  3 hippogriffs
  A wyvern (D:9)
  8 yaks
  Menkaure (D:7)
  7 wargs
  3 ice beasts
  A black bear (D:11)
  4 orc warriors
  A sky beast (D:9)
  4 slaves (D:7)
  An eye of draining (D:5)
  3 phantoms
  4 centaurs
  4 ogres
  7 bullfrogs
  6 big kobolds
  3 scorpions
  2 jellies
  5 wights
  A howler monkey (D:5)
  4 crimson imps
  2 quasits
  2 bullfrog zombies
  A bullfrog skeleton (D:5)
  5 hounds
  A centaur skeleton (D:10)
  8 orc priests
  4 iguanas
  10 worker ants
  11 orc wizards
  A hound zombie (D:5)
  2 hound skeletons
  2 worker ant zombies
  15 adders
  9 gnolls
  A howler monkey skeleton (D:6)
  6 river rats (Sewer)
  A shadow imp (D:10)
  2 oozes
  An adder zombie (D:8)
  2 adder skeletons (D:6)
  2 worms
  2 dart slugs
  7 leopard geckos
  35 orcs
  7 ball pythons (Sewer)
  8 bats
  3 giant cockroaches
  8 goblins
  5 hobgoblins
  20 jackals
  25 kobolds
  2 quokkas
  4 frilled lizards
  A jackal skeleton (D:7)
  A leopard gecko skeleton (D:4)
  2 quokka zombies
  27 rats
324 creatures vanquished.

Vanquished Creatures (others)
  A crimson imp (D:11)
1 creature vanquished.

Grand Total: 325 creatures vanquished

Notes
Turn   | Place    | Note
-------+----------+-------------------------------------------
     0 | D:1      | tifemel the Minotaur Fighter began the quest for the Orb.
     0 | D:1      | Reached XP level 1. HP: 19/19 MP: 0/0
   124 | D:1      | Reached XP level 2. HP: 27/27 MP: 1/1
   211 | D:1      | Reached XP level 3. HP: 25/33 MP: 2/2
   986 | D:2      | Reached XP level 4. HP: 39/41 MP: 3/3
  1556 | D:3      | Found a snail-covered altar of Cheibriados.
  1653 | D:3      | Reached skill level 5 in Fighting
  1653 | D:3      | Reached XP level 5. HP: 48/48 MP: 4/4
  1658 | D:3      | Reached skill level 5 in Armour
  2023 | D:4      | Found a glowing drain.
  2054 | Sewer    | Entered a sewer
  2152 | Sewer    | Reached XP level 6. HP: 55/56 MP: 5/5
  2156 | Sewer    | Reached skill level 5 in Axes
  2409 | Sewer    | Reached XP level 7. HP: 60/64 MP: 6/6
  3124 | D:5      | Entered Level 5 of the Dungeon
  3131 | D:5      | Found a staircase to the Ecumenical Temple.
  3346 | D:5      | Found a shattered altar of Ashenzari.
  3548 | D:5      | Found a burning altar of Makhleb.
  3554 | D:5      | Reached XP level 8. HP: 73/73 MP: 7/7
  4211 | D:6      | Noticed a hippogriff
  4223 | D:6      | Killed a hippogriff
  4680 | D:6      | Reached XP level 9. HP: 82/82 MP: 8/8
  4957 | D:7      | Noticed Menkaure
  4964 | D:7      | Killed Menkaure
  5374 | D:7      | Noticed Joseph
  5389 | D:7      | Killed Joseph
  5389 | D:7      | Reached skill level 10 in Fighting
  5389 | D:7      | Reached skill level 10 in Armour
  5583 | D:7      | Reached skill level 10 in Axes
  5761 | D:7      | Found an ancient bone altar of Kikubaaqudgha.
  5795 | D:7      | Found a hide-covered altar of Uskayaw.
  5941 | D:7      | Noticed Pikel
  5951 | D:7      | Killed Pikel
  5951 | D:7      | Reached XP level 10. HP: 76/94 MP: 9/9
  6509 | D:8      | Found a staircase to the Lair.
  6658 | D:8      | Noticed Harold
  6674 | D:8      | Killed Harold
  6868 | D:8      | Noticed Maurice
  6884 | D:8      | Killed Maurice
  7213 | D:8      | Found a white marble altar of Elyvilon.
  7249 | D:8      | Found a runed gate.
  7249 | D:8      | Found a runed gate.
  7251 | D:8      | Found a runed gate.
  7253 | D:8      | Noticed kalagan's ghost (novice DEFE)
  7286 | D:8      | Found a roughly hewn altar of Beogh.
  7987 | D:9      | Found a basalt altar of Yredelemnul.
  8002 | D:9      | Reached XP level 11. HP: 100/104 MP: 10/10
  8588 | D:10     | Entered Level 10 of the Dungeon
  8735 | D:10     | Found a staircase to the Orcish Mines.
  9075 | D:10     | Noticed Sonja
  9102 | D:11     | Noticed a wizard
  9110 | D:11     | Killed a wizard
  9746 | D:10     | Demolished by Sonja

Skill      XL: |  1  2  3  4  5  6  7  8  9 10 11 |
---------------+----------------------------------+-----
Armour         | 4 5 6 7 8 10 12 | 12.6
Fighting       | 4 5 6 7 8 10 12 | 12.5
Axes           | 3 4 5 6 8 10 11 12 | 12.3
Shields        | |  3.6

Action                   |  1- 3 |  4- 6 |  7- 9 | 10-12 || total
-------------------------+-------+-------+-------+-------++-------
Melee: War axe           |    84 |   147 |   257 |   315 ||   803
       Headbutt          |    14 |    23 |    50 |    62 ||   149
  Use: Scroll            |       |       |       |     8 ||     8
       Potion            |       |       |       |     4 ||     4
  Eat: Chunk             |       |     5 |     8 |    12 ||    25
       Ration            |       |       |     1 |       ||     1
Armor: Scale mail        |    43 |   100 |    35 |       ||   178
       Plate armour      |       |       |   132 |   203 ||   335
Dodge: Dodged            |    33 |    91 |   120 |    99 ||   343
Block: Shield            |    13 |       |       |       ||    13
